 Dungeon Crawl Stone Soup version 0.19.1 (webtiles) character file.

446 Lilleppy the Shield-Bearer (level 6, -6/53 HPs)
             Began as a Minotaur Fighter on Nov 29, 2016.
             Was a Follower of Uskayaw.
             Mangled by an orc warrior
             ... wielding a +0 glaive
              (13 damage)
             ... on level 6 of the Dungeon.
             The game lasted 00:15:17 (2071 turns).

Lilleppy the Shield-Bearer (Minotaur Fighter)       Turns: 2071, Time: 00:15:18

Health: -6/53      AC:  7    Str: 23    XL:     6   Next: 73%
Magic:  2/5        EV:  9    Int:  5    God:    Uskayaw [*.....]
Gold:   82         SH: 10    Dex:  9    Spells: 0 memorised, 5 levels left

rFire  . . .     SeeInvis .     g - +0 dagger (venom)
rCold  . . .     Gourm    .     s - +0 scale mail
rNeg   . . .     Faith    .     c - +0 shield
rPois  .         Spirit   .     (helmet restricted)
rElec  .         Reflect  .     (no cloak)
rCorr  .         Harm     .     (no gloves)
MR     .....                    (no boots)
Stlth  ..........               (no amulet)
                                (no ring)
                                (no ring)

@: no status effects
A: retaliatory headbutt, horns 2
a: Stomp, Renounce Religion


You were on level 6 of the Dungeon.
You worshipped Uskayaw.
Uskayaw was noncommittal.
You were not hungry.

You visited 1 branch of the dungeon, and saw 6 of its levels.

You collected 82 gold pieces.

Inventory:

Hand Weapons
 a - a +0 flail
 g - a +0 dagger of venom (weapon)
 o - a +0 dagger
 q - a +0 short sword of speed
Armour
 b - a +0 scale mail
 c - a +0 shield (worn)
 s - a +0 scale mail (worn)
Scrolls
 j - a scroll of magic mapping {unknown}
 k - 3 scrolls of identify {unknown}
 l - 2 scrolls of enchant weapon {unknown}
 m - a scroll of recharging {unknown}
 p - a scroll of blinking {unknown}
 r - a scroll of remove curse {unknown}
Potions
 d - a potion of might
 e - a potion of haste {unknown}
 h - a potion of invisibility {unknown}
 i - a potion of mutation {unknown}
 n - a potion of heal wounds {unknown}
 u - a potion of berserk rage {unknown}
Comestibles
 f - 2 bread rations
 t - a meat ration


   Skills:
 + Level 4.7 Fighting
 + Level 2.7 Short Blades
 + Level 3.6 Maces & Flails
 + Level 5.3 Armour
 + Level 2.5 Dodging
 + Level 5.5 Shields


You had 5 spell levels left.
You didn't know any spells.

Dungeon Overview and Level Annotations

Branches:
Dungeon (6/15)
 Temple: D:4-7

Altars:
Uskayaw


Innate Abilities, Weirdness & Mutations

You reflexively headbutt those who attack you in melee.
You have a pair of horns on your head.


Message History

The orc warrior is lightly wounded.
The orc warrior hits you with a glaive!!
You hit the orc warrior but do no damage.
The orc warrior is poisoned.
The orc warrior is lightly wounded.
You block the orc's attack.
The orc warrior hits you with a glaive!!
* * * LOW HITPOINT WARNING * * *
You stomp with the beat, sending a shockwave through the revelers around you!
The orc warrior is heavily wounded.
The orc is heavily wounded.
You feel somewhat more hungry.
You can no longer stomp with the beat.
The orc hits you but does no damage.
You can now stomp with the beat.
You don't have enough magic at the moment.
You closely miss the orc warrior.
You headbutt the orc warrior, but do no damage.
The orc warrior is heavily wounded.
The orc warrior hits you with a glaive!
You die...

......# ...
......# ...
#.....# ....
##..... #...
###.....
#..###.....##
#...........#
##........<..#
#......@o....#
#......##o..#..#
...##..#.o..#...#
. ##..........#
#..##.......# #..
###..#### ...#
#..# ##.. ...#
##. ...#


You could see an orc warrior and 2 orcs.

Vanquished Creatures
  The ghost of Styro the Poker, an amateur OpSk (D:4)
  An ogre (D:5)
  A water moccasin zombie (D:5)
  An orc wizard (D:3)
  An iguana (D:4)
  A worker ant (D:4)
  3 adders
  An ooze (D:1)
  2 worms
  2 dart slugs (D:1)
  A leopard gecko (D:1)
  6 orcs
  2 giant cockroaches
  7 hobgoblins
  6 jackals
  2 quokkas
  6 bats
  4 frilled lizards
  9 goblins
  8 kobolds
  7 rats
72 creatures vanquished.

Notes
Turn   | Place    | Note
-------+----------+-------------------------------------------
     0 | D:1      | Lilleppy the Minotaur Fighter began the quest for the Orb.
     0 | D:1      | Reached XP level 1. HP: 19/19 MP: 0/0
    81 | D:1      | Reached XP level 2. HP: 18/27 MP: 1/1
   390 | D:1      | Reached XP level 3. HP: 33/33 MP: 2/2
   745 | D:2      | Found a hide-covered altar of Uskayaw.
   760 | D:2      | Became a worshipper of Uskayaw the Reveler
   981 | D:2      | Found a faded altar of an unknown god.
  1081 | D:2      | Reached * piety under Uskayaw
  1098 | D:2      | Reached skill level 1 in Dodging
  1107 | D:2      | Reached XP level 4. HP: 34/40 MP: 3/3
  1401 | D:3      | Reached ** piety under Uskayaw
  1583 | D:4      | Reached skill level 1 in Short Blades
  1583 | D:4      | Reached XP level 5. HP: 42/47 MP: 4/4
  1588 | D:4      | Reached skill level 5 in Shields
  1590 | D:4      | Noticed Styro's ghost (amateur OpSk)
  1612 | D:4      | Killed Styro's ghost
  1612 | D:4      | Reached skill level 5 in Armour
  1612 | D:4      | Reached XP level 6. HP: 29/53 MP: 5/5
  1612 | D:4      | Reached *** piety under Uskayaw
  1807 | D:5      | Entered Level 5 of the Dungeon
  2057 | D:6      | Noticed an orc warrior
  2071 | D:6      | Mangled by an orc warrior

Skill      XL: |  1  2  3  4  5  6 |
---------------+-------------------+-----
Fighting       | 4 |  4.7
Shields        | 4 5 |  5.5
Maces & Flails | 3 |  3.6
Dodging        | 1 2 |  2.5
Armour         | 4 5 |  5.3
Short Blades   | 1 2 |  2.7

Action                   |  1- 3 |  4- 6 || total
-------------------------+-------+-------++-------
Melee: Flail             |    18 |    17 ||    35
       Dagger            |    63 |    93 ||   156
       Headbutt          |    14 |    26 ||    40
Invok: Stomp             |       |     1 ||     1
 Stab: Paralysed         |       |     2 ||     2
  Eat: Bread ration      |       |     1 ||     1
Armor: Scale mail        |    52 |    41 ||    93
Dodge: Dodged            |    29 |    32 ||    61
Block: Shield            |    47 |    57 ||   104
